 Dungeon Crawl Stone Soup version 0.18-b1-22-ge198996 (webtiles) character file.

342 Wooh the Skirmisher (level 6, -4/44 HPs)
             Began as a Gargoyle Fighter on May 4, 2016.
             Killed from afar by an orc wizard (5 damage)
             ... with a puff of flame
             ... on level 4 of the Dungeon.
             The game lasted 00:08:20 (2996 turns).

Wooh the Skirmisher (Gargoyle Fighter)              Turns: 2996, Time: 00:08:21

Health: -4/44      AC: 11    Str: 24    XL:     6   Next: 57%
Magic:  6/6        EV:  8    Int:  9    God:
Gold:   211        SH: 10    Dex: 11    Spells: 0 memorised, 5 levels left

rFire  . . .     SeeInvis .     a - +0 flail
rCold  . . .     Gourm    +     v - +1 ring mail {MR+}
rNeg   + . .     Faith    .     c - +1 shield
rPois  ∞         Spirit   .     (no helmet)
rElec  +         Dismiss  .     (no cloak)
rCorr  .         Reflect  .     (no gloves)
SustAt .         Harm     .     (no boots)
MR     +....                    l - amulet of the gourmand
Stlth  +.........               (no ring)
                                (no ring)

@: mighty, somewhat resistant to hostile enchantments, very unstealthy
A: negative energy resistance 1, electricity resistance, unbreathing,
petrification resistance, rot immunity, AC +4
a: no special abilities


You were on level 4 of the Dungeon.
You were very hungry.

You visited 1 branch of the dungeon, and saw 4 of its levels.

You collected 211 gold pieces.

Inventory:

Hand Weapons
 a - a +0 flail (weapon)
Missiles
 i - 18 arrows
 o - 42 bolts
Armour
 c - a +1 shield (worn)
 v - a +1 ring mail of magic resistance (worn)
Jewellery
 l - an amulet of the gourmand (around neck)
Scrolls
 b - a scroll of random uselessness {unknown}
 g - 2 scrolls of teleportation {unknown}
 j - 2 scrolls of remove curse
 p - a scroll of enchant weapon {unknown}
 q - 2 scrolls of identify
 x - a scroll of magic mapping {unknown}
Potions
 e - 3 potions of berserk rage {unknown}
 k - 2 potions of heal wounds
 m - a potion of ambrosia {unknown}
 n - a potion of brilliance {unknown}
 r - a potion of mutation {unknown}
 t - a potion of resistance {unknown}
 u - 2 potions of curing {unknown}
 z - a potion of lignification {unknown}
Comestibles
 f - 3 bread rations
 h - 4 meat rations
 s - a slice of pizza
 A - a beef jerky


   Skills:
 - Level 7.3 Fighting
 - Level 2.0 Maces & Flails
 + Level 4.2 Armour
 - Level 3.2 Shields


You had 5 spell levels left.
You didn't know any spells.

Dungeon Overview and Level Annotations

Branches:
Dungeon (4/15)
 Temple: D:4-7

Altars:
Sif Muna
Xom


Innate Abilities, Weirdness & Mutations

You are resistant to torment.
Your stone body is resilient (AC +4).
You are immune to poison.
You resist negative energy.
You are resistant to electric shocks.
You can survive without breathing.
You are immune to petrification.
You are immune to rotting.


Message History

You closely miss the orc wizard.
The orc wizard hits you but does no damage.
The orc warrior hits you from afar with a glaive.
* * * LOW HITPOINT WARNING * * *
You block the scorpion's attack. The orc wizard closely misses you.
You sock the orc wizard!
The orc wizard is heavily wounded.
The orc wizard hits you but does no damage.
The scorpion stings you.
* * * LOW HITPOINT WARNING * * *
The orc warrior hits you from afar with a glaive.
* * * LOW HITPOINT WARNING * * *
The orc wizard gestures at you while chanting.
The puff of frost hits you!
* * * LOW HITPOINT WARNING * * *
The scorpion stings you but does no damage.
The orc warrior closely misses you. The orc wizard casts a spell at you.
The puff of flame hits you!
You die...

......#.....
........<....
.......#.....
..####..##.#.. .
............
.#.########.### ###...#
#.# # #.s...# #.### #@#
#.##. #o### #....
###>o.#### #...
#........#### #...
.....#.........#####...
.........[...#.##.####.
........^........{.###.
.....#.#...#.#.##o.....
.....#.....#.#.##..####


You could see an orc warrior, a scorpion and an orc wizard.

Vanquished Creatures
  A scorpion (D:3)
  2 hounds (D:4)
  A jelly (D:1)
  An orc priest (D:3)
  A worker ant (D:4)
  4 adders
  3 oozes (D:1)
  2 worms
  13 dart slugs
  A giant gecko (D:1)
  An orc (D:3)
  9 giant cockroaches
  7 goblins
  6 hobgoblins
  6 jackals
  2 kobolds (D:1)
  2 ball pythons
  4 bats
  3 giant newts
  10 rats
79 creatures vanquished.

Notes
Turn   | Place    | Note
--------------------------------------------------------------
     0 | D:1      | Wooh the Gargoyle Fighter began the quest for the Orb.
     0 | D:1      | Reached XP level 1. HP: 14/14 MP: 1/1
     0 | D:1      | Noticed a jelly
     1 | D:1      | Found a runed door.
   170 | D:1      | Reached XP level 2. HP: 19/20 MP: 2/2
   261 | D:1      | Reached skill level 4 in Fighting
   483 | D:1      | Reached XP level 3. HP: 23/24 MP: 3/3
   786 | D:1      | Reached skill level 5 in Fighting
   788 | D:1      | Reached XP level 4. HP: 25/31 MP: 4/4
   970 | D:2      | Reached skill level 6 in Fighting
  1080 | D:2      | You fall through a shaft!
  1112 | D:3      | Reached XP level 5. HP: 36/36 MP: 5/5
  1183 | D:3      | Found a shimmering altar of Xom.
  1184 | D:3      | Found a shimmering altar of Xom.
  1186 | D:3      | Found a shimmering altar of Xom.
  1186 | D:3      | Found a shimmering altar of Xom.
  1186 | D:3      | Found a shimmering altar of Xom.
  1675 | D:2      | Found a deep blue altar of Sif Muna.
  2337 | D:4      | Noticed an orc warrior
  2363 | D:3      | Reached skill level 7 in Fighting
  2379 | D:3      | HP: 1/38 [scorpion (3)]
  2380 | D:3      | Reached XP level 6. HP: 2/44 MP: 6/6
  2996 | D:4      | HP: 1/44 [orc wizard/puff of frost (6)]
  2996 | D:4      | Killed from afar by an orc wizard

Skill      XL: |  1  2  3  4  5  6 |
---------------+-------------------+-----
Fighting       | 4 5 6 7 |  7.3
Armour         | 4 |  4.2
Maces & Flails | |  2.0
Shields        | |  3.2

Action                   |  1- 3 |  4- 6 || total
-------------------------+-------+-------++-------
Melee: Flail             |    81 |   202 ||   283
  Use: Scroll            |       |     2 ||     2
       Potion            |       |     2 ||     2
  Eat: Chunk             |       |     6 ||     6
Armor: Scale mail        |    45 |    98 ||   143
       Ring mail         |       |    17 ||    17
Dodge: Dodged            |    29 |    68 ||    97
Block: Shield            |    38 |   121 ||   159
